 Dungeon Crawl Stone Soup version 0.31.0-12-g77e489cdc1 (webtiles) character file.

Game seed: 10707472912555400974

2370 OkSix the Fighter (level 9, 0/74 HPs)
             Began as a Demonspawn Brigand on Mar 2, 2024.
             Was an Initiate of Gozag.
             Shot with an arrow by an orc warrior (15 damage)
             ... on level 7 of the Dungeon.
             The game lasted 00:10:57 (6056 turns).

OkSix the Fighter (Demonspawn Brigand)              Turns: 6056, Time: 00:10:58

Health: 0/74       AC:  6    Str: 12    XL:     9   Next: 21%
Magic:  13/13      EV: 12    Int: 15    God:    Gozag
Gold:   316        SH:  4    Dex: 15    Spells: 11/14 levels left

rFire   + . .        a - +2 dagger
rCold   . . .        (no shield)
rNeg    . . .        b - +0 robe
rPois   +            (helmet unavailable)
rElec   .            c - +0 cloak
rCorr   .            (no gloves)
SInv    .            (no boots)
Will    .....        (no amulet)
Stlth   +++          F - ring of protection from fire
HPRegen 0.32/turn    P - ring of poison resistance
MPRegen 0.13/turn

%: no passive effects
@: no status effects
A: horns 3, yellow scales 2, condensation shield
a: Renounce Religion, Potion Petition, Call Merchant, Bribe Branch


You were on level 7 of the Dungeon.
You worshipped Gozag.
Gozag was aware of your devotion.
You visited 2 branches of the dungeon, and saw 8 of its levels.

You collected 388 gold pieces.
You paid 72 gold pieces to Gozag.


Innate Abilities, Weirdness & Mutations

You have a pair of large horns on your head.
You are mostly covered in yellow scales. (AC +3)
A meltable shield of frost defends you. (SH +4)


   Skills:
 - Level 8.0 Fighting
 - Level 3.0 Short Blades
 - Level 1.7 Throwing
 - Level 2.0 Dodging
 - Level 5.0 Stealth
 - Level 3.0 Spellcasting
 - Level 7.0 Summonings
 + Level 2.3 Evocations


You had 11 spell levels left.
You knew the following spells:

 Your Spells              Type           Power      Damage    Failure   Level
c - Call Canine Familiar  Summ           23%        N/A       3%          3

Your spell library contained the following spells:

 Spells                   Type           Power      Damage    Failure   Level
 Call Imp                 Summ           46%        N/A       1%          2
 Sublimation of Blood     Necr           2%         N/A       30%         2
 Sigil of Binding         Hex            2%         N/A       52%         3
 Dimensional Bullseye     Hex/Tloc       1%         N/A       89%         4
 Summon Hydra             Summ           11%        N/A       100%        7

Inventory:

Hand Weapons
 a - a +2 dagger (weapon)
Missiles
 d - a poisoned dart (quivered)
 h - a throwing net {=f}
 t - a curare-tipped dart {=f}
Armour
 b - a +0 robe (worn)
 c - a +0 cloak (worn)
Jewellery
 F - a ring of protection from fire (left hand)
 P - a ring of poison resistance (right hand)
Wands
 e - a wand of mindburst (9)
Scrolls
 f - 3 scrolls of teleportation {unknown}
 g - a scroll of butterflies {unknown}
 i - a scroll of fear {unknown}
 j - 4 scrolls of identify {unknown}
 k - a scroll of fog {unknown}
 l - a scroll of immolation {unknown}
 o - a scroll of amnesia {unknown}
 q - a scroll of poison {unknown}
 x - a scroll of enchant armour {unknown}
 y - a scroll of revelation {unknown}
Potions
 m - 2 potions of might {unknown}
 n - 2 potions of ambrosia {unknown}
 p - 2 potions of heal wounds {unknown}
 r - a potion of resistance {unknown}
 s - a potion of curing {unknown}
 u - a potion of degeneration {unknown}
 v - a potion of lignification {unknown}
 w - 3 potions of enlightenment {unknown}
 z - a potion of mutation {unknown}

Dungeon Overview and Level Annotations

Branches:
Dungeon (7/15)             Temple (1/1) D:5

Altars:
Ashenzari
Cheibriados
Dithmenos
Fedhas
Gozag
Hepliaklqana
Kikubaaqudgha
Nemelex Xobeh
Okawaru
Qazlal
Ru
Sif Muna
Trog
Vehumet
Wu Jian

Shops:
D:2

( #.# #.# #(#
#.# #.# #.# #.#
############$###
....(ooo..@.>..#
#..##o########.#
.. #.. ..#.#
#.## #.####.#.#
#.# #.#..#.#.#
#.# #.#..#.#.#
#.# #.#....#.#
###.##
#.#....#.# ....
#...<#.#.#


You could see an orc warrior (very poisoned), an orc priest and 2 orcs.


Message History

You are too injured to fight recklessly!
You are too injured to fight recklessly!
You are too injured to fight recklessly!
You are too injured to fight recklessly!
You are too injured to fight recklessly!
You are too injured to fight recklessly!
You are too injured to fight recklessly!
You are too injured to fight recklessly!
You are too injured to fight recklessly!
You are too injured to fight recklessly!
You are too injured to fight recklessly!
You are too injured to fight recklessly!
You are too injured to fight recklessly!
Unknown command.
The orc warrior unwields a +0 hand axe.
The orc warrior wields a +0 orcbow.
The orc warrior shoots an arrow.
The arrow barely misses you.
Throw: 2 darts (poison)
Press: ? - help, Q - select action, (/) - cycle Shift-Dir - straight line, f/p - orc warrior
Aim: an orc warrior, wielding a +0 orcbow and wearing a +0 plate armour (heavily wounded, poisoned, 60% to hit)
You throw a poisoned dart. The poisoned dart hits the orc warrior.
The orc warrior looks even sicker.
The orc warrior is heavily wounded.
The orc priest invokes the aid of Beogh against you.
Beogh smites you!
* * * LOW HITPOINT WARNING * * *
The orc warrior shoots an arrow.
The arrow misses you.
Unknown command.
The orc warrior shoots an arrow.
The arrow hits you!
You die...
Your body crumbles into a pile of gold.

Skill      XL: |  1  2  3  4  5  6  7  8  9 |
---------------+----------------------------+-----
Fighting       | 3 4 5 7 8 |  8.0
Spellcasting   | 2 3 |  3.0
Summonings     | 3 4 5 6 7 |  7.0
Stealth        | 4 5 |  5.0
Short Blades   | 3 |  3.0
Dodging        | 1 2 |  2.0
Evocations     | 2 |  2.3
Throwing       | |  1.7

Action                     |  1- 3 |  4- 6 |  7- 9 || total
---------------------------+-------+-------+-------++-------
  Melee: Dagger            |   105 |   101 |   236 ||   442
         Punch             |     4 |       |     3 ||     7
         Headbutt          |     5 |    20 |    64 ||    89
  Throw: Dart              |     5 |     1 |    20 ||    26
   Cast: Call Canine Famil |       |     4 |     8 ||    12
   Stab: Sleeping          |    17 |    10 |    10 ||    37
         Distracted        |       |       |     2 ||     2
 Armour: Robe              |    37 |    55 |   118 ||   210
  Dodge: Dodged            |    39 |    36 |   103 ||   178
  Block: Other             |     9 |     5 |    21 ||    35

Levels and vault maps discovered:
D:1:      onia_arrival_handbag, layout_loops_cross
D:2:      layout_loops_ring, serial_shops, nicolae_shop_dealshenge, uniq_sigmund
D:3:      layout_basic, nicolae_overflow_hidden_temple, minivault_25,
          uniq_natasha, uniq_terence
D:4:      layout_loops_corners, nicolae_ru_awakened_eye, marbit_many_paths
D:5:      layout_gridville, minmay_temple_entry_hall
D:6:      layout_basic, lemuel_doored_altar, lemuel_crystal_altar,
          mainiacjoe_overflow_concentric_impassable, minmay_misc_feat_tiny,
          uniq_edmund, uniq_pikel
D:7:      layout_basic, kennysheep_diamond, minmay_misc_feat_hallway,
          minmay_stone_trees_small
Temple:   hellmonk_temple_forest_ring

Notes
Turn   | Place    | Note
-------+----------+-------------------------------------------
     0 | D:1      | OkSix the Demonspawn Brigand began the quest for the Orb.
     0 | D:1      | Reached XP level 1. HP: 16/16 MP: 1/1
    98 | D:1      | Gained mutation: A meltable shield of frost defends you.
                  | (SH +4) [demonic ancestry]
    98 | D:1      | Reached XP level 2. HP: 23/23 MP: 2/2
   136 | D:1      | Reached skill level 3 in Fighting
   492 | D:1      | Gained mutation: You have a pair of small horns on your
                  | head. [demonic ancestry]
   492 | D:1      | Reached XP level 3. HP: 26/29 MP: 3/3
   764 | D:2      | Found Tevagrakuf's Antique Weapon Shop.
   846 | D:2      | Reached skill level 4 in Fighting
  1071 | D:2      | Noticed Sigmund
  1079 | D:2      | Killed Sigmund
  1080 | D:2      | Reached skill level 1 in Spellcasting
  1080 | D:2      | Reached skill level 2 in Spellcasting
  1080 | D:2      | Reached skill level 3 in Summonings
  1080 | D:2      | Reached XP level 4. HP: 34/37 MP: 3/7
  1080 | D:2      | Reached XP level 5. HP: 39/42 MP: 3/8
  1109 | D:2      | Learned a level 3 spell: Call Canine Familiar
  1526 | D:3      | Noticed Terence
  1674 | D:3      | Killed Terence
  1916 | D:3      | Found an iron altar of Okawaru.
  1916 | D:3      | Noticed Natasha
  1926 | D:3      | Killed Natasha
  1927 | D:3      | Reached skill level 4 in Summonings
  1927 | D:3      | Gained mutation: You have a pair of horns on your head.
                  | [demonic ancestry]
  1927 | D:3      | Reached XP level 6. HP: 29/48 MP: 9/9
  2339 | D:4      | Reached skill level 4 in Stealth
  2675 | D:4      | Found a sacrificial altar of Ru.
  2680 | D:4      | Reached skill level 5 in Summonings
  2760 | D:4      | Gained mutation: You have a pair of large horns on your
                  | head. [demonic ancestry]
  2760 | D:4      | Reached XP level 7. HP: 24/54 MP: 10/10
  3277 | D:4      | Found a radiant altar of Vehumet.
  3314 | D:5      | Entered Level 5 of the Dungeon
  3337 | D:5      | Reached skill level 6 in Summonings
  3386 | D:5      | Reached skill level 5 in Fighting
  3446 | D:5      | Reached skill level 2 in Short Blades
  3615 | D:5      | Reached skill level 3 in Short Blades
  3759 | D:5      | Found a staircase to the Ecumenical Temple.
  4016 | D:5      | Reached skill level 5 in Stealth
  4037 | D:5      | Reached skill level 1 in Dodging
  4037 | D:5      | Gained mutation: You are partially covered in yellow
                  | scales. (AC +2) [demonic ancestry]
  4037 | D:5      | Reached XP level 8. HP: 62/62 MP: 11/11
  4376 | Temple   | Entered the Ecumenical Temple
  4394 | Temple   | Became a worshipper of Gozag Ym Sagoz the Greedy
  4446 | D:6      | Reached skill level 2 in Dodging
  4519 | D:6      | HP: 3/62 [iguana (11)]
  4527 | D:6      | HP: 1/62 [iguana (5)]
  4869 | D:6      | Noticed Pikel
  4962 | D:6      | Killed Pikel
  4963 | D:6      | Reached skill level 7 in Summonings
  4963 | D:6      | Reached skill level 6 in Fighting
  5001 | D:6      | Reached skill level 3 in Spellcasting
  5382 | D:6      | Reached skill level 7 in Fighting
  5651 | D:6      | Found a snail-covered altar of Cheibriados.
  5699 | D:6      | Noticed Edmund
  5718 | D:6      | Killed Edmund
  5719 | D:6      | Gained mutation: You are mostly covered in yellow scales.
                  | (AC +3) [demonic ancestry]
  5719 | D:6      | Reached XP level 9. HP: 57/73 MP: 13/13
  5863 | D:6      | Found a hazy altar of Hepliaklqana.
  5892 | D:7      | Reached skill level 8 in Fighting
  5892 | D:7      | Reached skill level 1 in Evocations
  6006 | D:7      | Reached skill level 2 in Evocations
  6056 | D:7      | Shot with an arrow by an orc warrior

Vanquished Creatures
  Pikel (D:6)
  Sigmund (D:2)
  A steam dragon (D:7)
  Edmund (D:6)
  A black bear (D:7)
  2 ice beasts (D:6)
  An ogre (D:6)
  A lemure (D:6)
  2 phantoms (D:4)
  6 scorpions
  2 bombardier beetles
  2 hounds
  Natasha (D:3)
  Terence (D:3)
  6 iguanas
  An orc wizard (D:6)
  A sleepcap (D:6)
  8 adders
  A dart slug (D:1)
  3 ribbon worms
  10 orcs
  5 ball pythons
  6 endoplasms
  3 giant cockroaches
  8 goblins
  4 hobgoblins
  4 jackals (D:1)
  7 kobolds
  5 quokkas
  4 bats
  5 frilled lizards
  9 rats
113 creatures vanquished.

Vanquished Creatures (collateral kills)
  An ice beast (D:5)
  A bombardier beetle (D:4)
  An orc wizard (D:5)
3 creatures vanquished.

Grand Total: 116 creatures vanquished

Table legend: (Time is in decaauts)
 A = Elapsed time spent in this place.
 B = Non-inter-level travel time spent in this place.
 C = Inter-level travel time spent in this place.
 D = Time resting spent in this place.
 E = Time spent auto-exploring this place.
 F = Levels seen in this place.
 G = Mean time per level.
                   A        B        C        D        E       F      G
               +--------+--------+--------+--------+--------+-----+--------+
         Total |   6004 |   5778 |    226 |   1166 |   3533 |   8 |  750.5 |
       Dungeon |   5967 |   5777 |    190 |   1166 |   3533 |   7 |  852.4 |
        Temple |     36 |      1 |     35 |      0 |      0 |   1 |   36.0 |
               +--------+--------+--------+--------+--------+-----+--------+

Top non-repeatable levels by time:
     D:5: 1374 daAuts
     D:6: 1134 daAuts
     D:4: 1051 daAuts
     D:3: 804 daAuts
     D:2: 748 daAuts
     D:1: 689 daAuts
     D:7: 164 daAuts
  Temple: 36 daAuts

Table legend:
 A = Non-vault XP
 B = Vault XP
 C = Vault XP percentage of total XP
 D = Non-vault monster count
 E = Vault monster count
 F = Vault count percentage of total count
                 A         B        C        D         E       F
            +---------+---------+-------+---------+---------+-------
      Total |    2312 |    1074 |  31.7 |     105 |      10 |   8.7
            +---------+---------+-------+---------+---------+-------
        D:1 |      45 |       4 |   8.2 |      26 |       4 |  13.3
        D:2 |      51 |     223 |  81.4 |      17 |       1 |   5.6
        D:3 |      18 |      72 |  80.0 |       9 |       2 |  18.2
        D:4 |     421 |       2 |   0.5 |      17 |       1 |   5.6
        D:5 |     682 |       0 |   0.0 |      18 |       0 |   0.0
        D:6 |     786 |     773 |  49.6 |      16 |       2 |  11.1
        D:7 |     309 |       0 |   0.0 |       2 |       0 |   0.0
            +---------+---------+-------+---------+---------+-------
